 Dungeon Crawl Stone Soup version 0.31.0-12-g77e489cdc1 (webtiles) character file.

Game seed: 16620787614725799723

3107 Metae the Protected (level 9, -3/81 HPs)
             Began as a Minotaur Fighter on Mar 1, 2024.
             Was a Priest of Uskayaw.
             Slain by Grum
             ... wielding a -2 heavy spear
              (11 damage)
             ... on level 8 of the Dungeon.
             The game lasted 00:23:42 (6057 turns).

Metae the Protected (Minotaur Fighter)              Turns: 6057, Time: 00:23:43

Health: -3/81      AC: 12    Str: 24    XL:     9   Next: 60%
Magic:  9/9        EV: 10    Int: 11    God:    Uskayaw [***...]
Gold:   456        SH:  5    Dex: 11    Spells: 8/8 levels left

rFire   . . .        a - +0 trident
rCold   . . .        c - +0 buckler
rNeg    . . .        r - +0 chain mail
rPois   .            (helmet restricted)
rElec   .            (no cloak)
rCorr   .            A - +0 pair of gloves
SInv    +            (no boots)
Will    .....        s - amulet of regeneration Stlth
                     o - +6 ring of intelligence
HPRegen 1.13/turn    x - ring of see invisible
MPRegen 0.11/turn

%: no passive effects
@: no status effects
A: horns 2, retaliatory headbutt
a: Renounce Religion, Stomp, Line Pass


You were on level 8 of the Dungeon.
You worshipped Uskayaw.
Uskayaw was noncommittal.
You visited 2 branches of the dungeon, and saw 9 of its levels.

You collected 528 gold pieces.
You spent 72 gold pieces at shops.

Inventory:

Hand Weapons
 a - a +0 trident (weapon)
Missiles
 b - 2 javelins (quivered)
 d - a curare-tipped dart
Armour
 c - a +0 buckler (worn)
 r - a +0 chain mail (worn)
 A - a +0 pair of gloves (worn)
 E - a +2 ring mail of cold resistance
Jewellery
 o - a +6 ring of intelligence (left hand)
 s - an amulet of regeneration (around neck)
 x - a ring of see invisible (right hand)
 C - a ring of magical power
Talismans
 q - a granite talisman
Wands
 v - a wand of iceblast (6)
 w - a wand of polymorph (8)
 z - a wand of charming (11)
Scrolls
 f - a scroll of fog
 k - 2 scrolls of revelation
 m - a scroll of teleportation
 n - 2 scrolls of noise
 t - a scroll of summoning
Potions
 e - 2 potions of ambrosia
 g - 2 potions of heal wounds
 h - 2 potions of resistance {unknown}
 i - 5 potions of curing
 p - 3 potions of haste
 u - a potion of berserk rage
 B - a potion of cancellation {unknown}
 F - a potion of lignification {unknown}


   Skills:
 + Level 8.0 Fighting
 + Level 7.5 Polearms
 + Level 8.0 Armour
 + Level 6.3 Dodging
 + Level 8.0 Shields
 + Level 1.7 Invocations


You had 8 spell levels left.
You didn't know any spells.
Your spell library contained the following spells:

 Spells                   Type           Power      Damage    Failure   Level
 Freeze                   Ice            0%         1d3       88%         1
 Necrotise                Necr           0%         1d4       88%         1
 Sandblast                Erth           0%         2d4       88%         1
 Slow                     Hex            0%         N/A       88%         1
 Confusing Touch          Hex            0%         N/A       99%         3
 Frozen Ramparts          Ice            0%         1d1       99%         3
 Hailstorm                Conj/Ice       0%         3d5       99%         3
 Passwall                 Erth           0%         N/A       99%         3
 Sigil of Binding         Hex            0%         N/A       99%         3
 Stone Arrow              Conj/Erth      0%         3d7       99%         3
 Vampiric Draining        Necr           0%         2d6       99%         3
 Animate Armour           Summ/Erth      0%         N/A       100%        4
 Brom's Barrelling Bould  Conj/Erth      0%         2d3       100%        4
 Martyr's Knell           Necr/Summ      0%         N/A       100%        4
 Curse of Agony           Necr           0%         N/A       100%        5
 Lehudib's Crystal Spear  Conj/Erth      0%         10d2      100%        8


Dungeon Overview and Level Annotations

Branches:
Dungeon (8/15)             Temple (1/1) D:7
   Lair: D:8-11

Altars:
Ashenzari
Cheibriados
Dithmenos
Elyvilon
Fedhas
Gozag
Hepliaklqana
Kikubaaqudgha
Makhleb
Nemelex Xobeh
Okawaru
Qazlal
Sif Muna
Trog
Uskayaw
Vehumet
Xom
Yredelemnul
Zin
The Shining One

Shops:
D:1 =!(!!   D:2 [   D:6 [

Annotations:
D:8 Grum


Innate Abilities, Weirdness & Mutations

You have a pair of horns on your head.
You reflexively headbutt those who attack you in melee.


Message History

Grum hits you but does no damage.
You barely miss the wolf.
The wolf is moderately wounded.
The wolf bites you but does no damage. The wolf closely misses you.
You barely miss the wolf.
The wolf is moderately wounded.
The wolf closely misses you. You block Grum's attack.
You miss the wolf.
The wolf is moderately wounded.
The wolf barely misses you. You furiously retaliate!
You headbutt the wolf, but do no damage.
The wolf bites you. Grum barely misses you.
You closely miss the wolf.
The wolf is moderately wounded.
The wolf bites you but does no damage.
You puncture the wolf!
The wolf is severely wounded.
You block the wolf's attack. The wolf misses you.
Grum hits you from afar with a -2 heavy spear!
You hit the wolf but do no damage. You headbutt the wolf!
You kill the wolf!
Grum hits you from afar with a -2 heavy spear!
* * * LOW HITPOINT WARNING * * *
Uskayaw will force your foes to helplessly watch your dance.
Things that are here:
a wolf corpse; a wolf corpse You hit Grum but do no damage.
Your headbutt misses Grum.
Grum is lightly wounded.
Grum hits you with a -2 heavy spear.
* * * LOW HITPOINT WARNING * * *
You barely miss Grum.
Grum is lightly wounded.
You puncture Grum!
Grum is moderately wounded.
Grum hits you with a -2 heavy spear!
* * * LOW HITPOINT WARNING * * *
You hit Grum.
Grum is heavily wounded.
Grum hits you with a -2 heavy spear!
You die...

########## .#
.........### #.#
...........# #.#
....<....#.# #.#
.....###.#.# #>#
#...####.#.# ##.######
..)).).....####........
##.####............#
#.# #...######@#.# #.#
##### #.g# #.# #.## #.#
#. ##.# #. ...# #. ####
#. #.


You could see Grum.

Vanquished Creatures
  Pikel (D:5)
  An unseen horror (D:6)
  Sigmund (D:2)
  An ice beast (D:7)
  A black bear (D:7)
  An orc warrior (D:8)
  2 ogres
  A centaur (D:7)
  4 wolves (D:8)
  A kobold brigand (D:5)
  7 scorpions
  5 killer bees (D:8)
  3 bombardier beetles
  A jelly (D:7)
  2 orc priests (D:8)
  A gnoll bouda (D:5)
  2 hounds
  A sleepcap (D:5)
  Jessica (D:3)
  4 orc wizards
  8 adders
  5 gnolls (D:5)
  3 white imps
  A ribbon worm (D:2)
  A dart slug (D:3)
  20 orcs
  4 endoplasms
  5 giant cockroaches
  10 goblins
  5 hobgoblins
  8 quokkas
  5 ball pythons
  4 bats
  2 frilled lizards (D:1)
  14 kobolds
  5 rats
141 creatures vanquished.

Notes
Turn   | Place    | Note
-------+----------+-------------------------------------------
     0 | D:1      | Metae the Minotaur Fighter began the quest for the Orb.
     0 | D:1      | Reached XP level 1. HP: 19/19 MP: 0/0
    39 | D:1      | Found Elydgh Pobyej's Distillery.
   128 | D:1      | Reached XP level 2. HP: 15/27 MP: 1/1
   192 | D:1      | Found Iteugat's Distillery.
   240 | D:1      | Found Egeides's Jewellery Shop.
   353 | D:1      | Reached skill level 1 in Dodging
   424 | D:1      | Found a faded altar of an unknown god.
   602 | D:1      | Found Lisereta's Antique Weapon Boutique.
   620 | D:1      | Found Cador's Distillery.
   642 | D:1      | Bought a potion of curing for 33 gold pieces
   744 | D:1      | Bought a potion of curing for 39 gold pieces
   779 | D:2      | Found Nysuxaeh's Armour Boutique.
   780 | D:2      | Noticed Sigmund
   790 | D:2      | Reached XP level 3. HP: 12/33 MP: 2/2
   794 | D:2      | Killed Sigmund
   795 | D:2      | Reached XP level 4. HP: 10/41 MP: 3/3
   795 | D:2      | Reached XP level 5. HP: 11/47 MP: 4/4
  1613 | D:3      | Found a blossoming altar of Fedhas.
  1810 | D:3      | Noticed Jessica
  1825 | D:3      | Killed Jessica
  2212 | D:3      | Reached XP level 6. HP: 49/55 MP: 5/5
  2420 | D:4      | Reached skill level 5 in Armour
  2768 | D:4      | Reached skill level 5 in Fighting
  2768 | D:4      | Reached skill level 5 in Shields
  2934 | D:3      | Found a bloodstained altar of Trog.
  2934 | D:3      | Found a broken altar of Ashenzari.
  2934 | D:3      | Found a shadowy altar of Dithmenos.
  3033 | D:4      | Found a snail-covered altar of Cheibriados.
  3040 | D:4      | Reached XP level 7. HP: 61/61 MP: 6/6
  3284 | D:5      | Entered Level 5 of the Dungeon
  3416 | D:5      | Noticed Pikel
  3429 | D:5      | Killed Pikel
  3430 | D:5      | Reached skill level 5 in Polearms
  3430 | D:5      | Reached XP level 8. HP: 10/70 MP: 7/7
  3875 | D:5      | Found a burning altar of Makhleb.
  3991 | D:5      | Reached skill level 5 in Dodging
  4139 | D:6      | Found Fuzeugoe's Armour Shop.
  4495 | D:6      | Noticed an unseen horror
  4522 | D:6      | Killed an unseen horror
  5007 | D:7      | Reached XP level 9. HP: 67/79 MP: 8/8
  5158 | D:7      | Found a staircase to the Ecumenical Temple.
  5174 | Temple   | Entered the Ecumenical Temple
  5195 | Temple   | Became a worshipper of Uskayaw the Reveller
  5220 | D:7      | Reached * piety under Uskayaw
  5567 | D:7      | Reached ** piety under Uskayaw
  5754 | D:8      | Reached *** piety under Uskayaw
  5755 | D:8      | Reached **** piety under Uskayaw
  5872 | D:8      | Reached skill level 1 in Invocations
  6031 | D:8      | Noticed Grum
  6057 | D:8      | Slain by Grum

Illustrated notes

Levels and vault maps discovered:
D:1:      minmay_arrival_solitary_statue, layout_basic, serial_shops, shop,
          nicolae_shop_gibbet_a_chance, shop, nicolae_shop_just_a_little_nook,
          shop_coins, hellmonk_ecumenical_altar_arch_garden
D:2:      layout_loops_cross, serial_shops, shop, uniq_sigmund
D:3:      layout_basic, nicolae_overflow_hidden_temple, uniq_jessica
D:4:      layout_cave_pools, slow_altar_2, kennysheep_doodads,
          kennysheep_generic_room_13
D:5:      layout_basic, overflow_temple_1_default, hex_medium,
          serial_bayou_pond_d, uniq_pikel
D:6:      layout_basic, serial_shops, nicolae_shop_tiny_real_fake_doors
D:7:      layout_cave_pods, minmay_temple_entry_junction
D:8:      layout_loops_ring, mainiacjoe_overflow_small_starburst,
          pf_guarded_unrand_meek, uniq_maurice, uniq_psyche, uniq_grum
Temple:   nicolae_temple_two_arcs

Skill      XL: |  1  2  3  4  5  6  7  8  9 |
---------------+----------------------------+-----
Dodging        | 1 2 3 4 5 6 |  6.3
Fighting       | 4 5 6 7 8 |  8.0
Armour         | 4 5 6 7 8 |  8.0
Polearms       | 3 4 5 6 7 |  7.5
Shields        | 4 5 6 7 8 |  8.0
Invocations    | 1 |  1.7

Action                     |  1- 3 |  4- 6 |  7- 9 || total
---------------------------+-------+-------+-------++-------
  Melee: Trident           |    58 |   133 |   292 ||   483
         Headbutt          |     8 |     8 |    56 ||    72
    Use: Scroll            |       |     8 |     2 ||    10
         Potion            |       |       |     1 ||     1
   Stab: Paralysed         |       |       |     5 ||     5
 Armour: Scale mail        |    33 |    21 |       ||    54
         Chain mail        |       |    32 |   241 ||   273
  Dodge: Dodged            |    24 |    46 |   137 ||   207
  Block: Buckler           |    16 |    25 |    90 ||   131
